Map: Deathaura LE

Players

PartinG - Winner!

  • Race: Protoss Protoss
  • Spawn Location: 11:00

Zest

  • Race: Protoss Protoss
  • Spawn Location: 5:00

Event: IEM Katowice 2021

VOD

Have the link to the VOD?

Description

Time

  • Played on: Feb. 28, 2021, 10:37 a.m.
  • Length: 12:16

All games in this series

Show
View Real Time Build Order
Export as new Build Order

PartinG Protoss - Winner!

Build Orders: Blink Stalkers 

Get SALT Encoding   

  12  0:00  Probe  
  13  0:12  Probe  
  14  0:17  Pylon  
  14  0:24  Probe (Chrono Boost)  
  15  0:36  Gateway, Probe (Chrono Boost)  
  16  0:44  Probe (Chrono Boost)  
  16  0:45  Assimilator  
  17  0:51  Probe  
  17  0:55  Assimilator  
  18  1:03  Probe (Chrono Boost)  
  19  1:08  Gateway  
  19  1:14  Probe (Chrono Boost)  
  20  1:18  Probe (Chrono Boost)  
  21  1:26  Cybernetics Core  
  21  1:29  Probe  
  22  1:38  Pylon  
  22  1:42  Probe  
  23  1:56  Probe  
  24  2:03  Stalker  
  24  2:04  Warp Gate  
  28  2:14  Stalker  
  28  2:16  Pylon  
  28  2:34  Stalker  
  30  2:44  Stalker  
  32  2:47  Shield Battery  
  32  3:02  Nexus  
  32  3:10  Twilight Council  
  31  3:14  Probe  
  32  3:27  Probe (Chrono Boost)  
  33  3:36  Forge, Probe (Chrono Boost)  
  33  3:41  Probe (Chrono Boost)  
  34  3:43  Blink (Chrono Boost)  
  34  3:45  Pylon  
  35  3:53  Probe (Chrono Boost)  
  35  3:55  Sentry  
  38  3:59  Probe (Chrono Boost)  
  39  4:03  Pylon  
  39  4:16  Dark Shrine  
  36  4:20  Probe  
  36  4:22  Probe  
  38  4:32  Probe  
  38  4:34  Probe  
  38  4:35  Stalker  
  42  4:40  Stalker  
  44  4:46  Probe  
  44  4:47  Probe  
  46  4:52  Gateway  
  46  4:58  Probe  
  46  4:59  Probe  
  48  5:02  Protoss Ground Weapons Level 1 (Chrono Boost)  
  48  5:11  Probe (Chrono Boost)  
  48  5:12  Probe (Chrono Boost)  
  50  5:14  Pylon  
  50  5:23  Probe (Chrono Boost)  
  50  5:24  Probe (Chrono Boost)  
  52  5:31  Probe x2 (Chrono Boost)  
  52  5:34  Assimilator  
  54  5:39  Pylon  
  54  5:43  Dark Templar x2  
  54  5:47  Dark Templar  
  54  5:48  Probe x2  
  62  5:57  Shield Battery  
  62  5:58  Gateway  
  62  6:02  Gateway  
  62  6:06  Probe  
  63  6:17  Probe  
  63  6:18  Probe  
  65  6:22  Nexus  
  63  6:28  Dark Templar  
  63  6:29  Stalker x2  
  63  6:32  Probe x2  
  69  6:34  Pylon  
  69  6:36  Assimilator  
  69  6:44  Probe x2  
  71  6:53  Pylon  
  69  6:56  Stalker x3  
  69  6:59  Shield Battery  
  69  7:00  Probe x2  
  77  7:02  Stalker  
  77  7:08  Stalker  
  81  7:10  Shield Battery  
  81  7:13  Pylon  
  81  7:17  Probe x2  
  81  7:21  Robotics Facility  
  81  7:26  Pylon  
  81  7:27  Pylon  
  81  7:29  Pylon, Sentry  
  83  7:30  Sentry  
  83  7:36  Stalker  
  87  7:38  Stalker  
  87  7:42  Shield Battery  
  89  7:45  Pylon  
  89  7:51  Probe x3  
  90  8:00  Stalker x3  
  94  8:09  Stalker  
  84  8:26  Stalker x3  
  81  8:27  Probe x3  
  78  8:34  Warp Prism (Chrono Boost)  
  78  8:39  Probe x2  
  78  8:43  Stalker  
  78  8:44  Probe  
  81  8:51  Probe  
  81  8:52  Stalker x3, Probe  
  87  8:58  Photon Cannon  
  87  9:03  Probe  
  87  9:04  Probe  
  89  9:13  Stalker  
  89  9:16  Stalker x3  
  97  9:20  Probe  
  97  9:21  Probe x2  
  97  9:22  Pylon, Protoss Ground Weapons Level 2 (Chrono Boost), Gateway  
  100  9:24  Gateway  
  100  9:26  Observer  
  101  9:36  Assimilator  
  101  9:37  Gateway  
  101  9:46  Stalker x3  
  101  9:47  Stalker  
  109  9:59  Charge (Chrono Boost)  
  109  10:02  Stalker  
  101  10:09  Warp Prism (Chrono Boost)  
  93  10:18  Stalker x6  
  101  10:26  Sentry  
  103  10:35  Pylon  
  103  10:38  Nexus  
  103  10:42  Pylon  
  101  10:48  Observer (Chrono Boost)  
  101  10:57  Zealot x3  
  101  10:58  Zealot x5  
  101  11:00  Templar Archives  
  117  11:11  Immortal  
  117  11:20  Zealot  
  117  11:21  Shield Battery  
  117  11:22  Shield Battery  
  117  11:25  Shield Battery  
  115  11:26  Shield Battery  
  115  11:29  Zealot x4  
  122  11:39  Zealot x3  
  120  11:45  Zealot  
  110  11:53  Zealot x4  
  108  12:01  Zealot x3  
  112  12:03  Probe x4  
Show
View Real Time Build Order
Export as new Build Order

Zest Protoss 

Build Orders: Oracle Opening 

Get SALT Encoding   

  12  0:00  Probe  
  13  0:12  Probe  
  14  0:17  Pylon  
  14  0:24  Probe (Chrono Boost)  
  15  0:36  Gateway, Probe (Chrono Boost)  
  16  0:44  Probe (Chrono Boost)  
  16  0:45  Assimilator  
  17  0:51  Probe  
  18  1:03  Probe (Chrono Boost)  
  19  1:04  Assimilator  
  19  1:08  Gateway  
  19  1:13  Probe (Chrono Boost)  
  19  1:18  Probe (Chrono Boost)  
  20  1:23  Cybernetics Core  
  21  1:29  Probe  
  22  1:34  Pylon  
  22  1:41  Probe  
  23  1:53  Probe  
  24  2:00  Stalker x2, Warp Gate  
  28  2:13  Pylon  
  28  2:25  Pylon  
  28  2:32  Stargate  
  27  2:51  Nexus  
  27  2:59  Shield Battery  
  31  3:12  Oracle (Chrono Boost), Shield Battery  
  30  3:24  Probe  
  31  3:36  Probe  
  31  3:39  Oracle (Chrono Boost)  
  31  3:41  Twilight Council  
  35  3:48  Probe  
  35  3:55  Pylon  
  36  4:00  Probe  
  37  4:04  Probe  
  37  4:09  Blink (Chrono Boost)  
  38  4:13  Probe  
  38  4:16  Probe  
  40  4:25  Probe  
  40  4:28  Probe  
  42  4:37  Probe  
  43  4:40  Probe  
  43  4:44  Stalker x2, Gateway  
  48  4:49  Probe  
  48  4:52  Probe  
  50  4:58  Pylon  
  50  5:01  Probe  
  50  5:04  Probe  
  52  5:07  Stalker  
  52  5:08  Stalker  
  52  5:13  Probe  
  57  5:17  Probe  
  57  5:19  Gateway  
  58  5:25  Probe  
  59  5:33  Stalker x2  
  63  5:43  Stalker  
  63  5:45  Nexus  
  63  5:47  Pylon  
  65  5:58  Stalker x2  
  65  6:00  Probe  
  70  6:05  Probe  
  70  6:09  Stalker  
  66  6:33  Stalker x3  
  72  6:43  Pylon  
  72  6:58  Probe x2  
  72  6:59  Probe  
  72  7:10  Probe x2  
  74  7:16  Stalker  
  74  7:17  Stalker x3, Probe  
  74  7:22  Probe x2  
  85  7:30  Probe  
  85  7:34  Probe x2  
  85  7:35  Pylon  
  87  7:40  Stalker x2, Zealot x2  
  87  7:43  Probe  
  96  7:45  Pylon  
  96  7:47  Pylon  
  86  8:13  Stalker x4  
  86  8:22  Probe  
  86  8:24  Probe x2  
  87  8:27  Gateway  
  87  8:31  Gateway  
  87  8:32  Gateway  
  74  8:34  Probe  
  74  8:36  Probe  
  74  8:37  Probe  
  74  8:39  Charge (Chrono Boost)  
  68  8:46  Probe  
  69  8:49  Stalker  
  69  8:50  Zealot x3  
  77  8:59  Robotics Facility  
  75  9:04  Gateway  
  75  9:05  Gateway x3  
  75  9:07  Gateway  
  75  9:13  Pylon  
  75  9:17  Stalker x2  
  75  9:18  Zealot  
  81  9:24  Pylon  
  81  9:29  Pylon  
  81  9:32  Zealot x3  
  81  9:34  Pylon  
  86  9:53  Zealot x6  
  86  9:59  Stalker x2  
  100  10:04  Zealot  
  86  10:12  Pylon  
  86  10:14  Zealot x6, Observer (Chrono Boost)  
  84  10:23  Sentry  
  84  10:24  Stalker  
  84  10:27  Stalker  
  90  10:33  Warp Prism (Chrono Boost)  
  90  10:37  Zealot x6  
  90  10:39  Zealot  
  102  10:46  Zealot x2  
  102  10:48  Stalker  
  107  11:06  Zealot x6  
  107  11:07  Zealot  
  113  11:33  Zealot  
  113  11:34  Zealot x8  
  113  11:38  Zealot x6  
  113  11:39  Zealot  
  121  11:44  Warp Prism (Chrono Boost)  
  103  11:57  Stalker x4  

Tags
 
Add a new tag
Caveats
  • Supply blocks, unpowered buildings, or Contaminate may cause inaccurate times.
  • Supply counts are checked every 10 seconds.